 Dungeon Crawl Stone Soup version 0.28-a0-861-ge64d6db94f (webtiles) character file.

Game seed: 8509351592123303563

182 RepHenryClay the Cudgeller (level 5, -2/81 HPs)
             Began as an Ogre Berserker on Nov 15, 2021.
             Was a Believer of Trog.
             Slain by a gnoll (9 damage)
             ... on level 3 of the Dungeon.
             The game lasted 00:04:43 (2574 turns).

RepHenryClay the Cudgeller (Ogre Berserker)         Turns: 2574, Time: 00:04:43

Health: -2/81      AC: 14    Str: 21    XL:     5   Next: 61%
Magic:  5/5        EV:  1    Int:  8    God:    Trog [**....]
Gold:   109        SH:  0    Dex:  9    Spells: 4/4 levels left

rFire   + . .      SeeInvis .   a - +0 flail
rCold   + . .      Faith    .   (no shield)
rNeg    . . .      Spirit   .   h - +0 gold dragon scales
rPois   +          Reflect  .   (helmet restricted)
rElec   .          Harm     .   (no cloak)
rCorr   .          Rampage  .   (gloves unavailable)
Will    .....                   (boots unavailable)
Stlth   ..........              (no amulet)
HPRegen 0.23/turn               (no ring)
MPRegen 0.09/turn               (no ring)

@: berserking (expiring), very quick
A: large, unfitting armour, tough skin 1
a: Renounce Religion, Berserk, Trog's Hand


You were on level 3 of the Dungeon.
You worshipped Trog.
Trog was pleased with you.
You visited 1 branch of the dungeon, and saw 3 of its levels.

You collected 109 gold pieces.

Inventory:

Hand Weapons
 a - a +0 flail (weapon)
 k - a +0 mace
Missiles
 e - 33 poisoned darts (quivered)
Armour
 b - a +0 animal skin
 h - +0 gold dragon scales (worn)
Wands
 n - a wand of iceblast (4)
Scrolls
 d - 3 scrolls of identify {unknown}
 g - a scroll of teleportation {unknown}
 i - 2 scrolls of vulnerability {unknown}
 l - a scroll of holy word {unknown}
 m - a scroll of enchant armour {unknown}
Potions
 c - 2 potions of resistance {unknown}
 f - 4 potions of heal wounds {unknown}
 j - a potion of ambrosia {unknown}
 o - a potion of brilliance {unknown}


   Skills:
 - Level 4.0 Fighting
 + Level 4.8 Maces & Flails
 + Level 2.2 Armour
 - Level 2.6 Dodging


You had 4 spell levels left.
You didn't know any spells.
Your spell library was empty.

Dungeon Overview and Level Annotations

Branches:
Dungeon (3/15)

Altars:


Innate Abilities, Weirdness & Mutations

You are too large for most types of armour.
You have tough skin. (AC +1)


Message History

You sock the gnoll!
You kill the gnoll!
Trog accepts your kill.
You closely miss the gnoll.
The gnoll hits you but does no damage. x2
You hit the gnoll.
The gnoll is heavily wounded.
The gnoll hits you but does no damage. x2; The gnoll hits you with a +0 club.
* * * LOW HITPOINT WARNING * * *
Damage: -3%(-2hp) hp: 36%(19hp) Unknown command.
The gnoll hits you but does no damage. x2
A red film seems to cover your vision as you go berserk!
You feel yourself moving faster!
You feel mighty!
The gnoll hits you from afar with a +0 halberd!
* * * LOW HITPOINT WARNING * * *
Damage: -1%(-1hp) hp: 25%(20hp)
You sock the gnoll!
You kill the gnoll!
Trog accepts your kill. The gnoll hits you but does no damage.
You see here a +0 club.
You completely miss the gnoll. The gnoll hits you with a +0 halberd.
* * * LOW HITPOINT WARNING * * *
Damage: -3%(-3hp) hp: 23%(18hp)
You hit the gnoll.
The gnoll is lightly wounded.
The gnoll hits you with a +0 halberd.
* * * LOW HITPOINT WARNING * * *
Huge Dmg: -8%(-6hp) hp: 15%(12hp)
You barely miss the gnoll.
The gnoll is lightly wounded.
The gnoll hits you with a +0 halberd.
* * * LOW HITPOINT WARNING * * *
Huge Dmg: -6%(-5hp) hp: 9%(7hp)
You closely miss the gnoll.
The gnoll is lightly wounded.
You sock the gnoll!
The gnoll is severely wounded.
The gnoll hits you with a +0 halberd!
You die...

#.# #.# .# #
#.#####.###.# #
#...).......# #
#..##.###.### #
########.....# #..#####
..........##.# #.....##
#######.#[##.....###.##
#####.###.###.........
#...@## #.########...
#..g## #.# #### #
#....# .# #. ##.##.# #
#.. ###.# #.# #...
#...# #.# #... #.### ##
###...###...#
......g)....#


You could see a gnoll.

Vanquished Creatures
  Jessica (D:2)
  Terence (D:2)
  Ijyb (D:3)
  3 gnolls (D:3)
  An adder (D:3)
  2 dart slugs
  An orc (D:3)
  10 bats
  5 endoplasms (D:1)
  2 giant cockroaches (D:1)
  4 hobgoblins
  2 jackals (D:1)
  6 quokkas
  4 ball pythons
  A frilled lizard (D:1)
  6 goblins
  6 kobolds
  6 rats
62 creatures vanquished.

Notes
Turn   | Place    | Note
-------+----------+-------------------------------------------
     0 | D:1      | RepHenryClay the Ogre Berserker began the quest for the
                  | Orb.
     0 | D:1      | Reached XP level 1. HP: 24/24 MP: 1/1
   280 | D:1      | Reached XP level 2. HP: 17/32 MP: 2/2
   802 | D:1      | Reached XP level 3. HP: 28/39 MP: 3/3
  1185 | D:2      | Reached ** piety under Trog
  1543 | D:2      | Noticed Jessica
  1552 | D:2      | Killed Jessica
  1553 | D:2      | Reached skill level 1 in Armour
  1553 | D:2      | Reached XP level 4. HP: 48/48 MP: 4/4
  1653 | D:2      | Noticed Terence
  1659 | D:2      | Killed Terence
  2281 | D:3      | Noticed Ijyb
  2297 | D:3      | Killed Ijyb
  2298 | D:3      | Reached XP level 5. HP: 40/54 MP: 5/5
  2574 | D:3      | Slain by a gnoll

Illustrated notes

Levels and vault maps discovered:
D:1:      onia_arrival_handbag, layout_basic, shapermc_ecumenical_altar_petra,
          grunt_decor_resistance, st_stairs_14
D:2:      layout_loops_corners, hangedman_decor_peaks_small,
          minmay_pentomino_u4, uniq_jessica, uniq_terence
D:3:      layout_loops_ring, uniq_ijyb

Skill      XL: |  1  2  3  4  5 |
---------------+----------------+-----
Maces & Flails | 3 4 |  4.8
Armour         | 1 2 |  2.2
Fighting       | |  4.0
Dodging        | |  2.6

Action                   |  1- 3 |  4- 6 || total
-------------------------+-------+-------++-------
Melee: Mace              |   112 |     5 ||   117
       Flail             |       |    94 ||    94
Invok: Berserk           |     1 |     2 ||     3
 Stab: Sleeping          |     1 |       ||     1
Armor: Animal skin       |    37 |       ||    37
       Gold dragon scale |    46 |   113 ||   159
Dodge: Dodged            |    50 |     3 ||    53

Table legend: (Time is in decaauts)
 A = Elapsed time spent in this place.
 B = Non-inter-level travel time spent in this place.
 C = Inter-level travel time spent in this place.
 D = Time resting spent in this place.
 E = Time spent auto-exploring this place.
 F = Levels seen in this place.
 G = Mean time per level.
                   A        B        C        D        E       F      G
               +--------+--------+--------+--------+--------+-----+--------+
         Total |   2632 |   2579 |     53 |    383 |   1711 |   3 |  877.3 |
       Dungeon |   2632 |   2579 |     53 |    383 |   1711 |   3 |  877.3 |
               +--------+--------+--------+--------+--------+-----+--------+

Top non-repeatable levels by time:
     D:1: 1204 daAuts
     D:2: 1003 daAuts
     D:3: 424 daAuts
